PAA
ATHLETIC CLUB KC ACADEMY @ SAN ANTONIO BC
05/18/2028
 
TOP OF THE 1ST
Athletic Club KC Academy batting - Pitching for San Antonio BC : RHP Greyson Torain
Pitching: RHP Greyson Torain
Batting: RHB Jesús Vargas 0-0: Foul Ball, location: 2F
0-1: Ball
1-1: Foul Ball, location: 2F
1-2: Ball
2-2: Foul Ball, location: 2F
2-2: Ground out 5-3 (Groundball, 56)
Batting: LHB Tony García 0-0: Ball
1-0: Ball
2-0: Ball
3-0: Base on Balls
Batting: LHB Tsai Ng 0-0: Ball
1-0: Ball
2-0: Swinging Strike
2-1: Foul Ball, location: 2F
2-2: Ball
3-2: Fielders Choice at 2nd, 6-4 (Groundball, 6M)
Batting: LHB Matt Herman 0-0: Ball
1-0: Ball
Tsai Ng steals 2nd base
2-0: Foul Ball, location: 2F
2-1: Ball
3-1: Called Strike
3-2: Fly out, F4 (Popup, 3D)
Top of the 1st over - 0 run(s), 0 hit(s), 0 error(s), 1 left on base; Athletic Club KC Academy 0 - San Antonio 0
BOTTOM OF THE 1ST
San Antonio BC batting - Pitching for Athletic Club KC Academy : RHP Rafael Valadez
Pitching: RHP Rafael Valadez
Batting: SHB Esteban Borsellino 0-0: Called Strike
0-1: Called Strike
0-2: Ground out 4-3 (Groundball, 4MS)
Batting: LHB Earl Wiley 0-0: Ball
1-0: Ball
2-0: Ball
3-0: Called Strike
3-1: Called Strike
3-2: Foul Ball, location: 2F
3-2: Foul Ball, location: 2F
3-2: SINGLE (Groundball, 25) (infield hit)
Batting: LHB Dawit Lihalakha 0-0: Called Strike
0-1: Ball
1-1: Ball
2-1: Ball
3-1: Base on Balls
Earl Wiley to second
Batting: RHB António López 0-0: Foul Ball, location: 2F
0-1: Foul Ball, location: 2F
0-2: Fly out, F8 (Flyball, 8LS)
Batting: RHB José Perea 0-0: Ball
1-0: Ball
2-0: Ball
3-0: Called Strike
3-1: SINGLE (Line Drive, 6MD)
Earl Wiley to third
Dawit Lihalakha to second
Runner from 3rd tries for Home, SAFE, no throw
Batting: RHB Kieran Turnbull 0-0: Ball
1-0: Swinging Strike
1-1: 3-RUN HOME RUN (Flyball, 78XD), Distance : 434 ft
Batting: SHB Anastasio Delgadilo 0-0: Foul Ball, location: 2F
0-1: Ball
1-1: Reached on error, E4 (Groundball, 4)
Batting: RHB Ismael Sandoval 0-0: Ball
1-0: Ball
2-0: Ball
3-0: Base on Balls
Batting: RHB Manny Álvarez 0-0: Fly out, F7 (Flyball, 78M)
Bottom of the 1st over - 4 run(s), 3 hit(s), 1 error(s), 2 left on base; Athletic Club KC Academy 0 - San Antonio 4
TOP OF THE 2ND
Athletic Club KC Academy batting - Pitching for San Antonio BC : RHP Greyson Torain
Batting: RHB Andrés Medina 0-0: Fly out, F5 (Line Drive, 56S)
Batting: LHB Héctor Barrios 0-0: Ball
1-0: Ball
2-0: SINGLE (Groundball, 34D)
Batting: RHB Fernando Rodríguez 0-0: Ball
1-0: Called Strike
1-1: Ball
2-1: Foul Ball, location: 2F
2-2: Ball
3-2: Base on Balls
Héctor Barrios to second
Batting: SHB Gerald Merendino 0-0: Grounds into double play, 5-4-3 (Groundball, 5)
Top of the 2nd over - 0 run(s), 1 hit(s), 0 error(s), 1 left on base; Athletic Club KC Academy 0 - San Antonio 4
BOTTOM OF THE 2ND
San Antonio BC batting - Pitching for Athletic Club KC Academy : RHP Rafael Valadez
Batting: SHB Esteban Borsellino 0-0: Ball
1-0: Ball
2-0: Called Strike
2-1: Ball
3-1: Base on Balls
Batting: LHB Earl Wiley 0-0: Called Strike
0-1: Ball
1-1: Ball
2-1: Fly out, F7 (Flyball, 7S)
Batting: LHB Dawit Lihalakha 0-0: Called Strike
0-1: Ball
1-1: Ball
2-1: DOUBLE (Flyball, 78D)
Esteban Borsellino to third
Runner from 3rd tries for Home, SAFE, throw made home
Batting: RHB António López 0-0: Ball
1-0: Ball
2-0: Ball
3-0: Base on Balls
Batting: RHB José Perea 0-0: Ball
1-0: Ball
2-0: Called Strike
2-1: Ball
3-1: Foul Ball, location: 2F
3-2: Fly out, F9 (Flyball, 9LMF)
Batting: RHB Kieran Turnbull 0-0: Ball
1-0: Called Strike
1-1: Called Strike
1-2: DOUBLE (Line Drive, 8LM)
Dawit Lihalakha scores
António López to third
Runner from 3rd tries for Home, SAFE, throw made home
Batting: SHB Anastasio Delgadilo 0-0: Swinging Strike
0-1: SINGLE (Groundball, 4MD)
Kieran Turnbull to third
Runner from 3rd tries for Home, SAFE, no throw
Pitching: RHP Bruce Holloman
Batting: RHB Ismael Sandoval 0-0: Foul Ball, location: 2F
0-1: Fly out, F9 (Flyball, 9LS)
Bottom of the 2nd over - 4 run(s), 3 hit(s), 0 error(s), 1 left on base; Athletic Club KC Academy 0 - San Antonio 8
TOP OF THE 3RD
Athletic Club KC Academy batting - Pitching for San Antonio BC : RHP Greyson Torain
Batting: RHB Mauro Valverde 0-0: Called Strike
0-1: SINGLE (Groundball, 34D)
Batting: RHB Jesús Vargas 0-0: Ball
1-0: SINGLE (Line Drive, 13S)
Mauro Valverde to second
Batting: LHB Tony García 0-0: Ball
1-0: Ball
2-0: Ball
3-0: Base on Balls
Mauro Valverde to third
Jesús Vargas to second
Batting: LHB Tsai Ng 0-0: Ball
1-0: SINGLE (Groundball, 4MD)
Mauro Valverde scores
Jesús Vargas to third
Tony García to second
Runner from 3rd tries for Home, SAFE, no throw
Batting: LHB Matt Herman 0-0: Ball
1-0: Ball
2-0: Foul Ball, location: 2F
2-1: Called Strike
2-2: Foul Ball, location: 2F
2-2: Ball
3-2: Foul Ball, location: 2F
3-2: Fielders Choice at 2nd, 3-6 (Groundball, 34)
Tony García to third
Batting: RHB Andrés Medina 0-0: Called Strike
0-1: Foul Ball, location: 2F
0-2: Grounds into double play, 6-4-3 (Groundball, 6)
Top of the 3rd over - 2 run(s), 3 hit(s), 0 error(s), 1 left on base; Athletic Club KC Academy 2 - San Antonio 8
BOTTOM OF THE 3RD
San Antonio BC batting - Pitching for Athletic Club KC Academy : RHP Bruce Holloman
Batting: RHB Manny Álvarez 0-0: Ball
1-0: Ground out 4-3 (Groundball, 4)
Batting: SHB Esteban Borsellino 0-0: Ball
1-0: Called Strike
1-1: Foul Ball, location: 2F
1-2: Ball
2-2: Ball
3-2: Fly out, F9 (Flyball, 9LM)
Batting: LHB Earl Wiley 0-0: Fly out, F9 (Flyball, 9LS)
Bottom of the 3rd over - 0 run(s), 0 hit(s), 0 error(s), 0 left on base; Athletic Club KC Academy 2 - San Antonio 8
TOP OF THE 4TH
Athletic Club KC Academy batting - Pitching for San Antonio BC : RHP Greyson Torain
Batting: LHB Héctor Barrios 0-0: Ball
1-0: SOLO HOME RUN (Flyball, 9D), Distance : 356 ft
Batting: RHB Fernando Rodríguez 0-0: Called Strike
0-1: Ball
1-1: Foul Ball, location: 2F
1-2: Strikes out swinging, 2-3 out at first.
Batting: SHB Gerald Merendino 0-0: Ball
1-0: Called Strike
1-1: Swinging Strike
1-2: Ball
2-2: Strikes out swinging
Batting: RHB Mauro Valverde 0-0: Ball
1-0: Ball
2-0: Ball
3-0: Called Strike
3-1: Ground out U3 (Groundball, 34)
Top of the 4th over - 1 run(s), 1 hit(s), 0 error(s), 0 left on base; Athletic Club KC Academy 3 - San Antonio 8
BOTTOM OF THE 4TH
San Antonio BC batting - Pitching for Athletic Club KC Academy : RHP Bruce Holloman
Batting: LHB Dawit Lihalakha 0-0: Ball
1-0: Called Strike
1-1: Called Strike
1-2: Fly out, F8 (Flyball, 8RM)
Batting: RHB António López 0-0: Foul Ball, location: 2F
0-1: Ball
1-1: Foul Ball, location: 2F
1-2: Strikes out swinging
Batting: RHB José Perea 0-0: Called Strike
0-1: Ball
1-1: Called Strike
1-2: Strikes out looking
Bottom of the 4th over - 0 run(s), 0 hit(s), 0 error(s), 0 left on base; Athletic Club KC Academy 3 - San Antonio 8
TOP OF THE 5TH
Athletic Club KC Academy batting - Pitching for San Antonio BC : RHP Greyson Torain
Batting: RHB Jesús Vargas 0-0: DOUBLE (Line Drive, 8LXD)
Batting: LHB Tony García 0-0: SINGLE (Groundball, 3D)
Jesús Vargas to third
Runner from 3rd tries for Home, SAFE, no throw
Batting: LHB Tsai Ng 0-0: Called Strike
0-1: Ball
1-1: Called Strike
1-2: Strikes out swinging
Batting: LHB Matt Herman 0-0: Ball
1-0: Ball
2-0: Called Strike
2-1: Ball
3-1: Base on Balls
Tony García to second
Batting: RHB Andrés Medina 0-0: Ball
1-0: Swinging Strike
1-1: Foul Ball, location: 2F
1-2: Fly out, F6 (Popup, 56D)
Batting: LHB Héctor Barrios 0-0: Foul Ball, location: 2F
0-1: Swinging Strike
0-2: Foul Ball, location: 2F
0-2: SINGLE (Line Drive, 6MD)
Tony García to third
Matt Herman to second
Batting: RHB Fernando Rodríguez 0-0: Ball
Wild Pitch!
Tony García scores
Matt Herman to third
Héctor Barrios to second
1-0: Foul Ball, location: 2F
1-1: Foul Ball, location: 2F
1-2: Ball
2-2: Fly out, F4 (Popup, 4D)
Top of the 5th over - 2 run(s), 3 hit(s), 0 error(s), 2 left on base; Athletic Club KC Academy 5 - San Antonio 8
BOTTOM OF THE 5TH
San Antonio BC batting - Pitching for Athletic Club KC Academy : RHP Bruce Holloman
Batting: RHB Kieran Turnbull 0-0: Swinging Strike
0-1: Swinging Strike
0-2: Foul Ball, location: 2F
0-2: Strikes out swinging
Batting: SHB Anastasio Delgadilo 0-0: Ball
1-0: Fly out, F9 (Flyball, 89M)
Batting: RHB Ismael Sandoval 0-0: Swinging Strike
0-1: Ball
1-1: Fly out, F8 (Flyball, 78S)
Bottom of the 5th over - 0 run(s), 0 hit(s), 0 error(s), 0 left on base; Athletic Club KC Academy 5 - San Antonio 8
TOP OF THE 6TH
Athletic Club KC Academy batting - Pitching for San Antonio BC : RHP Greyson Torain
Batting: SHB Gerald Merendino 0-0: Ball
1-0: Called Strike
1-1: Ball
2-1: Called Strike
2-2: Strikes out swinging
Batting: RHB Mauro Valverde 0-0: Ground out 5-3 (Groundball, 5)
Batting: RHB Jesús Vargas 0-0: Ball
1-0: Ball
2-0: Called Strike
2-1: Foul Ball, location: 2F
2-2: Strikes out looking
Top of the 6th over - 0 run(s), 0 hit(s), 0 error(s), 0 left on base; Athletic Club KC Academy 5 - San Antonio 8
BOTTOM OF THE 6TH
San Antonio BC batting - Pitching for Athletic Club KC Academy : RHP Bruce Holloman
Batting: RHB Manny Álvarez 0-0: Fly out, F7 (Flyball, 7LM)
Batting: SHB Esteban Borsellino 0-0: Ball
1-0: SINGLE (Groundball, 6M) (infield hit)
Pinch Runner at 1st Lee Hart:
Batting: LHB Earl Wiley 0-0: Ball
1-0: Called Strike
1-1: Ball
2-1: Fly out, F4 (Line Drive, 4)
Batting: LHB Dawit Lihalakha 0-0: Called Strike
0-1: Ball
1-1: Ball
2-1: Fielders Choice at 2nd, 4-6 (Groundball, 4)
Bottom of the 6th over - 0 run(s), 1 hit(s), 0 error(s), 0 left on base; Athletic Club KC Academy 5 - San Antonio 8
TOP OF THE 7TH
Athletic Club KC Academy batting - Pitching for San Antonio BC : RHP Greyson Torain
Now in LF: Lee Hart
Batting: LHB Tony García 0-0: Ground out 4-3 (Groundball, 4MS)
Batting: LHB Tsai Ng 0-0: Foul Ball, location: 2F
0-1: Foul Ball, location: 2F
0-2: Foul Ball, location: 2F
0-2: Ground out 1-3 (Groundball, 13)
Batting: LHB Matt Herman 0-0: Called Strike
0-1: Foul Ball, location: 2F
0-2: Foul Ball, location: 2F
0-2: Ball
1-2: Foul Ball, location: 2F
1-2: SOLO HOME RUN (Flyball, 9LD), Distance : 356 ft
Batting: RHB Andrés Medina 0-0: Called Strike
0-1: Ground out 5-3 (Groundball, 56S)
Top of the 7th over - 1 run(s), 1 hit(s), 0 error(s), 0 left on base; Athletic Club KC Academy 6 - San Antonio 8
BOTTOM OF THE 7TH
San Antonio BC batting - Pitching for Athletic Club KC Academy : RHP Bruce Holloman
Batting: RHB António López 0-0: Called Strike
0-1: Fly out, F2 (Popup, 13)
Batting: RHB José Perea 0-0: Called Strike
0-1: Swinging Strike
0-2: Fly out, F3 (Popup, 3S)
Batting: RHB Kieran Turnbull 0-0: Called Strike
0-1: Ground out 4-3 (Groundball, 4M)
Bottom of the 7th over - 0 run(s), 0 hit(s), 0 error(s), 0 left on base; Athletic Club KC Academy 6 - San Antonio 8
TOP OF THE 8TH
Athletic Club KC Academy batting - Pitching for San Antonio BC : RHP Greyson Torain
Pitching: RHP Pepe Delgado
Now at C: Phil Dougherty
Batting: LHB Héctor Barrios 0-0: Ground out 1-3 (Groundball, 13)
Batting: RHB Fernando Rodríguez 0-0: Ball
1-0: Called Strike
1-1: Ball
2-1: Fly out, F8 (Flyball, 8RD)
Batting: SHB Gerald Merendino 0-0: SINGLE (Groundball, 3D)
Batting: RHB Mauro Valverde 0-0: Ball
1-0: Ball
2-0: Fly out, F7 (Flyball, 7S)
Top of the 8th over - 0 run(s), 1 hit(s), 0 error(s), 1 left on base; Athletic Club KC Academy 6 - San Antonio 8
BOTTOM OF THE 8TH
San Antonio BC batting - Pitching for Athletic Club KC Academy : RHP Bruce Holloman
Batting: SHB Anastasio Delgadilo 0-0: Ground out 6-3 (Groundball, 6MS)
Pitching: RHP Greg Patterson
Batting: RHB Ismael Sandoval 0-0: Called Strike
0-1: Ground out 6-3 (Groundball, 6)
Batting: RHB Manny Álvarez 0-0: Called Strike
0-1: Ball
1-1: SINGLE (Groundball, 6D)
Batting: LHB Lee Hart 0-0: Ball
1-0: Called Strike
1-1: Ball
2-1: Fly out, F8 (Flyball, 8RM)
Bottom of the 8th over - 0 run(s), 1 hit(s), 0 error(s), 1 left on base; Athletic Club KC Academy 6 - San Antonio 8
TOP OF THE 9TH
Athletic Club KC Academy batting - Pitching for San Antonio BC : RHP Pepe Delgado
Pitching: LHP Felipe Vega
Batting: RHB Jesús Vargas 0-0: Ball
1-0: SINGLE (Groundball, 23) (infield hit)
Batting: LHB Tony García 0-0: Ground out 4-3 (Groundball, 34)
Jesús Vargas to second
Pinch Hitting: RHB Shintaro Yamada 0-0: Foul Ball, location: 2F
0-1: Ball
1-1: Ball
2-1: Foul Ball, location: 2F
2-2: Ball
3-2: Ground out 5-3 (Groundball, 56S)
Jesús Vargas to third
Batting: LHB Matt Herman 0-0: Called Strike
0-1: Swinging Strike
0-2: Strikes out swinging
Top of the 9th over - 0 run(s), 1 hit(s), 0 error(s), 1 left on base; Athletic Club KC Academy 6 - San Antonio 8
Wednesday, July 12th, 2017 - OOTP Baseball 17.12 Build 75